 Dungeon Crawl Stone Soup version 0.30-a0-1043-g60ff8d5f49 (webtiles) character file.

Game seed: 8383608939054159039

1865842 vishdafish the Acrobat (level 27, 342/342 HPs)
             Began as a Djinni Conjurer on Apr 7, 2023.
             Was the Champion of Ashenzari.
             Escaped with the Orb
             ... and 3 runes on Apr 9, 2023!
             The game lasted 02:58:36 (59132 turns).

vishdafish the Acrobat (Djinni Conjurer)           Turns: 59132, Time: 02:58:36

Health: 342/342    AC: 22    Str:  8    XL:     27
Gold:   3472       EV: 35    Int: 49    God:    Ashenzari [******] SH: 34 Dex: 22

rFire   + + +      SeeInvis +    T - +6 Majin-Bo {spellvamp, MP+6 Int+6, Melee, Fort} (curse)
rCold   + + .      Faith    .    K - +7 tower shield "Scepticism of Ashenzari" {rC+, Self, Cun} (curse)
rNeg    + . .      Spirit   .    Q - +1 robe of Vines {NoPotionHeal Regen++++, Self, Cun} (curse)
rPois   ∞          Reflect  .    N - +0 helmet of the Ensconced Regret {Int+3 Dex+3, Self, Evo} (curse)
rElec   +          Rampage  .    l - +1 cloak of the Eye in the Sky {Cun, Fort} (curse)
rCorr   +          Clarity  +    R - +2 pair of gloves of Ashenzari's Affliction {Str+3, Fort, Cun} (curse)
Will    +....                    (boots unavailable) Stlth
                                 O - amulet of Ashenzari's Mistrust {*Slow rElec Regen+ Dex+5, Fort, Self} (curse)
HPRegen 4.77/turn                a - ring "Eternal Vision" {rC+ rN+ Will- Int+5, Cun, Self} (curse)
MPRegen 0.00/turn                I - ring of the Tortoise {AC+8, Cun, Self} (curse)

@: mighty, brilliant, berserking, resistant, flying, hasted, invisible, very
quick
A: sickness immunity, fire resistance 3, cold vulnerability 1, float, innate
caster, HP casting, extra vitality 1, clarity, clever 1, screaming 1
0: Orb of Zot
}: 3/15 runes: barnacled, silver, gossamer
a: Renounce Religion, Shatter the Chains


You escaped.
You worshipped Ashenzari.
Ashenzari was exalted by your worship.
You visited 11 branches of the dungeon, and saw 49 of its levels.
You visited the Abyss 2 times.
You also visited: Gauntlet, Ice Cave and Wizlab.

You collected 7200 gold pieces.
You spent 3728 gold pieces at shops.

Inventory:

Hand Weapons
 L - the +27 heavy crossbow "Sniper" {heavy, Acc+∞ SInv}
   (You found it on level 5 of the Vaults)

   Acc+∞: It never misses its target.
   SInv:      It lets you see invisible.
 T - the cursed +6 Majin-Bo (weapon) {spellvamp, MP+6 Int+6, Melee, Fort}
   (You took it off Hellbinder in a wizard's laboratory)

   Int:       It affects your intelligence (+6).
   MP:        It affects your magic capacity (+6).
   It has a curse which improves the following skills: Melee Combat: Short
   Blades, Long Blades, Axes, Maces & Flails, Polearms, Staves and Unarmed
   Combat.
   Fortitude: Armour and Shields.
Missiles
 n - 6 throwing nets
 J - 22 curare-tipped darts
Armour
 l - the cursed +1 cloak of the Eye in the Sky (worn) {Cun, Fort}
   (You found it on level 3 of the Elven Halls)

   It has a curse which improves the following skills: Cunning: Dodging and
   Stealth.
   Fortitude: Armour and Shields.
 K - the cursed +7 tower shield "Scepticism of Ashenzari" (worn) {rC+, Self, Cun}
   (You found it in an ice cave)

   It has a curse which improves the following skills: Introspection: Fighting
   and Spellcasting.
   Cunning:   Dodging and Stealth.
 N - the cursed +0 helmet of the Ensconced Regret (worn) {Int+3 Dex+3, Self, Evo}
   (You found it in a Gauntlet)

   Int:       It affects your intelligence (+3).
   Dex:       It affects your dexterity (+3).
   It has a curse which improves the following skills: Introspection: Fighting
   and Spellcasting.
   Evocations: Evocations.
 Q - the cursed +1 robe of Vines (worn) {NoPotionHeal Regen++++, Self, Cun}
   (You bought it in a shop on level 2 of the Orcish Mines)

   NoPotionHeal: Its wearer cannot be healed by potions.
   Regen:     It increases your rate of health regeneration.
   It has a curse which improves the following skills: Introspection: Fighting
   and Spellcasting.
   Cunning:   Dodging and Stealth.
 R - the cursed +2 pair of gloves of Ashenzari's Affliction (worn) {Str+3, Fort, Cun}
   (You found it on level 2 of the Depths)

   It has a curse which improves the following skills: Fortitude: Armour and
   Shields.
   Cunning:   Dodging and Stealth.
Magical Staves
 S - a staff of conjuration
Jewellery
 a - the cursed ring "Eternal Vision" (left hand) {rC+ rN+ Will- Int+5, Cun, Self}
   (You found it in an ice cave)

   [ring of protection from cold]

   Int:       It affects your intelligence (+5).
   rC:        It protects you from cold.
   rN:        It protects you from negative energy.
   Will:      It decreases your willpower.
   It has a curse which improves the following skills: Cunning: Dodging and
   Stealth.
   Introspection: Fighting and Spellcasting.
 t - a ring of resist corrosion
 G - a +6 ring of intelligence
 I - the cursed ring of the Tortoise (right hand) {AC+8, Cun, Self}
   (You found it on level 4 of the Shoals)

   [ring of protection]

   AC:        It affects your AC (+8).
   It has a curse which improves the following skills: Cunning: Dodging and
   Stealth.
   Introspection: Fighting and Spellcasting.
 O - the cursed amulet of Ashenzari's Mistrust (around neck) {*Slow rElec Regen+ Dex+5, Fort, Self}
   (You found it in a Gauntlet)

   [amulet of regeneration]

   Dex:       It affects your dexterity (+5).
   rElec:     It insulates you from electricity.
   Regen:     It increases your rate of health regeneration.
   *Slow:     It may slow you when you take damage.
   It has a curse which improves the following skills: Fortitude: Armour and
   Shields.
   Introspection: Fighting and Spellcasting.
 X - a ring of fire
 Y - a ring of protection from fire
Wands
 B - a wand of acid (24)
 H - a wand of mindburst (25)
 P - a wand of iceblast (27)
 U - a wand of digging (18)
 V - a wand of polymorph (6)
Scrolls
 b - 4 scrolls of magic mapping
 e - 2 scrolls of butterflies
 h - 58 scrolls of identify
 i - 14 scrolls of poison
 j - 32 scrolls of teleportation
 k - 16 scrolls of immolation
 o - 3 scrolls of silence
 q - 16 scrolls of enchant weapon
 r - 4 scrolls of blinking
 s - 6 scrolls of brand weapon
 v - 6 scrolls of fear
 w - 13 scrolls of fog
 y - 8 scrolls of torment
 F - 7 scrolls of vulnerability
Potions
 c - 2 potions of invisibility
 d - 14 potions of lignification
 f - 12 potions of degeneration
 g - 9 potions of magic
 m - 14 potions of attraction
 p - 8 potions of ambrosia
 u - 7 potions of might
 x - 23 potions of curing
 z - 6 potions of cancellation
 A - 6 potions of haste
 C - 5 potions of mutation
 D - 12 potions of brilliance
 M - 6 potions of resistance
 W - 12 potions of heal wounds
 Z - 2 potions of berserk rage
Miscellaneous
 E - a box of beasts


   Skills:
 - Level 23.5(27) Fighting
 + Level 18.0(23.5) Armour
 - Level 24.6(27) Dodging
 - Level 1.5(6.0) Stealth
 - Level 24.0(27) Shields
 - Level 21.7(27) Spellcasting


You knew the following spells:

 Your Spells              Type           Power      Damage    Failure   Level
a - Magic Dart            Conj           100%       1d8       0%          1
b - Searing Ray           Conj           100%       2d8       0%          2
c - Dazzling Flash        Conj/Hex       100%       N/A       0%          3
d - Fulminant Prism       Conj/Hex       86%        3d34      0%          4
e - Iskenderun's Mystic   Conj/Tloc      100%       2d19      0%          4
f - Summon Small Mammal   Summ           100%       N/A       0%          1
g - Lesser Beckoning      Tloc           100%       N/A       0%          2
h - Scorch                Fire           100%       2d9       0%          2
i - Ice Form              Ice/Tmut       100%       N/A       0%          4
j - Lee's Rapid Deconstr  Erth           86%        3d38*     0%          5
k - Yara's Violent Unrav  Hex/Tmut       86%        3d31      0%          5
l - Death Channel         Necr           86%        N/A       0%          6
m - Spellforged Servitor  Conj/Summ      86%        N/A       0%          7
n - Ozocubu's Refrigerat  Ice            86%        4d26      0%          7
o - Dragon Form           Tmut           86%        N/A       0%          7
p - Malign Gateway        Summ/Tloc      86%        N/A       0%          7
q - Ignition              Fire           86%        3d22      0%          8
r - Polar Vortex          Ice            86%        N/A       1%          9
Your spell library was empty.

Dungeon Overview and Level Annotations

Branches:
Dungeon (15/15)            Temple (1/1) D:4            Lair (5/5) D:10
 Shoals (4/4) Lair:3       Spider (4/4) Lair:2        Slime (0/5) Lair:5
    Orc (2/2) D:10            Elf (3/3) Orc:2        Vaults (5/5) D:14
  Crypt (1/3) Vaults:2     Depths (4/4) D:15            Zot (5/5) Depths:4
  IceCv (visited)          WizLab (visited)         Gauntlet (visited)

Altars:
Ashenzari
Cheibriados
Dithmenos
Elyvilon
Fedhas
Gozag
Hepliaklqana
Makhleb
Nemelex Xobeh
Okawaru
Qazlal
Ru
Trog
Uskayaw
Wu Jian
Xom
Yredelemnul
Zin
The Shining One

Shops:
Orc:2 [=**   Elf:2 =:   Shoals:1 [   Shoals:4 (*:(   Vaults:1 (:(   Vaults:2 (*
Vaults:3 [   Depths:3 !::=   Depths:4 !

Portals:
Hell: Depths:1 Depths:2 Depths:3 Depths:4
Abyss: Lair:2 Depths:3
Pandemonium: Orc:2 Depths:2 Depths:3
Ziggurat: Depths:1

Annotations:
Lair:2 2 transporters, julianmaster's ghost, journeyman MiBe


Innate Abilities, Weirdness & Mutations

You are immune to sickness and miasma.
You are immune to poison.
Your flesh is almost immune to the effects of heat. (rF+++)
You are vulnerable to cold. (rC-)
You float through the air rather than walking.
You learn spells naturally, not from books.
Your magical power is your life essence.
You have superior vitality. (+4 MHP)
You possess an exceptional clarity of mind.
Your mind is acute. (Int +4, Str/Dex -1)
You occasionally shout uncontrollably at your foes.


Message History

(D) Dungeon (T) Temple (L) Lair (A) Shoals (N) Spider Nest (M) Slime Pits (O) Orcish Mines (E) Elven Halls (V) Vaults (C) Crypt (U) Depths (H) Hell (Z) Zot
Where to? (Enter - D:1, ? - help)
You feel a bit more experienced.
The winds around you start to calm down.
You are engulfed in whirling frost.
The winds around you calm down.
HP restored.
You sense a monster nearby.
You can't go up here!
(D) Dungeon (T) Temple (L) Lair (A) Shoals (N) Spider Nest (M) Slime Pits (O) Orcish Mines (E) Elven Halls (V) Vaults (C) Crypt (U) Depths (H) Hell (Z) Zot
Where to? (Enter - D:1, ? - help)
There is a stone staircase leading up here.
You fly upwards.
There is a stone staircase leading down here.
(D) Dungeon (T) Temple (L) Lair (A) Shoals (N) Spider Nest (M) Slime Pits (O) Orcish Mines (E) Elven Halls (V) Vaults (C) Crypt (U) Depths (H) Hell (Z) Zot
Where to? (Enter - D:1, ? - help)
Okay, then.
You reach down and open the door.
There is an open door here.
There is a staircase leading out of the dungeon here.
You feel very mighty all of a sudden.
You fade into invisibility!
You feel yourself speed up.
You feel clever all of a sudden.
You feel protected.
Okay, then.
A red film seems to cover your vision as you go berserk!
You feel yourself moving faster!
You feel mighty!
You are too berserk!
You feel a strong urge to attack something.
You have escaped!

##.###
##.###
#....##
#.##..#
#####'###.#
#♣PP♣~.♣P#.#
#~♣~.....'.#
#.....~♣P###
#@.~~♣~P~#
##########


There were no monsters in sight!

Vanquished Creatures
  7 ancient liches
  4 dread liches
  2 orbs of fire
  3 royal mummies (Depths:3)
  Bai Suzhen (Shoals:3)
  6 Killer Klowns
  3 caustic shrikes (Depths:2)
  19 golden dragons
  Hellbinder (WizLab)
  A bone dragon (Abyss:2)
  Arachne (Spider:4)
  A Tzitzimitl (D:5)
  Zenata (Vaults:4)
  Jorgrun (Orc:2)
  2 liches
  3 electric golems
  2 walking earthen tomes
  16 tentacled monstrosities
  2 deep elf master archers (Elf:3)
  7 titans
  A walking frostbound tome (Depths:4)
  27 Orb Guardians
  4 deep elf blademasters
  9 tentacled starspawn (Abyss:2)
  7 quicksilver dragons
  6 acid blobs (Zot:1)
  2 krakens
  7 death cobs
  6 sphinxes
  2 eldritch tentacles (Zot:3)
  An Executioner (D:2)
  An ancient champion (Crypt:1)
  Frances (Shoals:1)
  12 tengu reavers
  16 shadow dragons
  15 storm dragons
  Ilsuiw (Shoals:2)
  14 draconian monks
  6 fire giants
  2 azure jellies (IceCv)
  A rockslime (IceCv)
  4 iron dragons
  3 draconian knights
  6 deep elf sorcerers (Elf:3)
  4 draconian scorchers
  7 frost giants
  5 emperor scorpions
  12 ghost moths
  20 vault wardens
  3 balrugs
  6 draconian stormcallers
  A spriggan defender (Depths:4)
  42 very ugly things
  A cacodemon (WizLab)
  Louise (Elf:2)
  6 draconian shifters
  22 ironbound preservers
  6 deep elf elementalists (Elf:3)
  2 ghouls (Crypt:1)
  6 draconian annihilators
  An orc warlord (Vaults:2)
  A demonspawn blood saint (WizLab)
  4 war gargoyles
  A quicksilver ooze (shapeshifter) (Depths:2)
  A broodmother (shapeshifter) (Vaults:5)
  2 broodmothers (Spider:2)
  4 quicksilver oozes (IceCv)
  5 vampire knights
  14 stone giants
  5 ironbound thunderhulks
  14 green draconians
  10 deep elf demonologists
  15 white draconians
  20 black draconians
  11 deep elf annihilators
  A lorocyproca (Zot:1)
  13 purple draconians
  8 dire elephants (Vaults:2)
  22 yellow draconians
  10 red draconians
  A minotaur (Gauntlet)
  Nessos (D:14)
  14 spark wasps
  13 starcursed masses (Abyss:2)
  Snorg (Lair:4)
  7 ettins
  9 deep elf death magi
  2 mummy priests (Depths:3)
  A blizzard demon (D:2)
  2 crystal guardians
  5 merfolk javelineers
  5 entropy weavers
  2 green deaths (WizLab)
  21 yaktaur captains
  11 great orbs of eyes
  10 deep elf high priests
  A jiangshi (Crypt:1)
  Josephine (D:11)
  9 merfolk impalers
  14 fire dragons
  34 vault guards
  5 hydras
  Harold (D:9)
  14 ice dragons
  6 rakshasas
  2 peacekeepers
  7 centaur warriors
  Erolcha (D:11)
  An ogre mage (Vaults:5)
  3 spriggan air magi
  Erica (D:8)
  2 merfolk avatars
  5 radroaches
  2 demonspawn (Orc:2)
  2 hell beasts (WizLab)
  5 merfolk aquamancers
  5 jorogumos
  3 satyrs
  8 boulder beetles
  An alligator snapping turtle (Shoals:4)
  2 catoblepae (Lair:5)
  9 ironbound frosthearts
  5 two-headed ogres
  11 deep troll shamans
  5 death yaks (Lair:5)
  A death knight (D:15)
  10 tengu warriors
  A vampire mage (Depths:2)
  11 deep troll earth magi
  26 dancing weapons
  5 orc high priests
  Urug (D:11)
  5 spriggan berserkers (Depths:2)
  3 thrashing horrors (Abyss:2)
  15 hell knights
  4 spriggans (Depths:2)
  9 pharaoh ants
  2 wretched stars (Abyss:2)
  Sonja (Lair:5)
  A salamander mystic (Depths:4)
  12 sea snakes
  A skyshark (shapeshifter) (Vaults:5)
  11 deep elf knights
  3 skysharks
  8 sun demons
  12 iron trolls
  2 death drakes (Depths:4)
  76 deep trolls
  2 shadow wraiths
  A sun moth (Spider:3)
  4 sixfirhies
  8 orb spiders
  13 phantasmal warriors
  3 glowing orange brains
  23 ironbound convokers
  A shadow demon (WizLab)
  19 wizards
  13 large abominations
  Pikel (D:6)
  6 deep elf archers
  17 deep elf zephyrmancers
  3 orange crystal statues (IceCv)
  10 lindwurms
  8 orc knights
  16 necromancers
  6 steelbarb worms
  A sphinx zombie (Vaults:4)
  13 harpies
  2 oklob plants
  20 deep elf pyromancers
  15 wolf spiders
  74 ugly things
  2 salamanders (Depths:4)
  16 manticores
  A faun (shapeshifter) (D:15)
  2 shining eyes (Depths:4)
  8 orc sorcerers
  2 stone giant zombies (Vaults:1)
  9 fauns
  A tengu skeleton (Vaults:1)
  7 cyclopes
  A shining eye (shapeshifter) (Depths:3)
  A will-o-the-wisp (Abyss:2)
  40 moths of wrath
  2 rust devils (WizLab)
  10 elephants (Lair:5)
  26 vault sentinels
  50 slime creatures
  A guardian serpent (shapeshifter) (Vaults:5)
  7 merfolk sirens
  3 orange demons
  Maurice (Orc:2)
  A human skeleton (Vaults:4)
  7 demonic crawlers
  An eye of devastation (Depths:4)
  4 black mambas
  2 gargoyles
  Joseph (D:7)
  8 torpor snails
  3 smoke demons
  Maggie (D:6)
  9 cane toads
  6 water nymphs
  2 rime drakes
  2 tengu conjurers
  10 komodo dragons
  A freezing wraith (Abyss:2)
  51 yaktaurs
  A yaktaur zombie (Vaults:4)
  3 unseen horrors
  2 tormentors (WizLab)
  An efreet (D:15)
  3 ice devils
  A harpy zombie (Abyss:2)
  A kobold demonologist (D:13)
  An ancient zyme (Abyss:2)
  A meliai (shapeshifter) (D:14)
  3 trolls
  A wind drake (shapeshifter) (Vaults:5)
  31 merfolk
  A red devil (Orc:2)
  20 tarantellas
  12 hornets
  2 polar bears (Lair:5)
  Prince Ribbit (D:7)
  4 hellwings (WizLab)
  8 snapping turtles
  A blink frog (shapeshifter) (Vaults:5)
  7 raiju
  17 blink frogs
  A harpy skeleton (Crypt:1)
  13 wind drakes
  12 dream sheep
  A centaur simulacrum (D:14)
  33 jumping spiders
  3 flying skulls (Abyss:2)
  13 culicivoras
  A spriggan (shapeshifter) (Elf:2)
  A shadow (Abyss:2)
  2 air elementals
  A black mamba zombie (Crypt:1)
  8 wraiths
  16 humans (D:14)
  4 wyverns
  22 water elementals
  3 vampires
  2 ynoxinuls (WizLab)
  7 fire elementals
  Eustachio (D:6)
  5 chaos spawn
  60 yaks
  A fire bat (Abyss:2)
  3 basilisks
  An elf simulacrum (Vaults:1)
  25 redbacks
  A redback (shapeshifter) (Elf:1)
  3 steam dragons
  4 neqoxecs
  10 small abominations (Abyss:2)
  8 vampire mosquitoes
  Edmund (D:5)
  A human simulacrum (Vaults:1)
  4 wargs
  2 hell hounds (Depths:4)
  9 water moccasins
  An acid dragon (D:9)
  A floating eye (Depths:2)
  3 ice beasts
  24 orc warriors
  4 great orb of eyes simulacra (IceCv)
  A black bear (D:8)
  6 ogres
  16 centaurs
  3 lemures (D:6)
  14 wolves
  3 phantoms
  3 slime creature simulacra (IceCv)
  4 kobold brigands
  7 bullfrogs
  7 earth elementals
  2 necrophages (Crypt:1)
  5 glowing shapeshifter simulacra (IceCv)
  2 scorpions
  10 wights
  A troll zombie (Crypt:1)
  2 electric eels (Spider:3)
  4 howler monkeys
  3 hounds
  24 jellies
  25 orc priests
  An iron imp (Abyss:2)
  6 iguanas
  A sleepcap (D:3)
  9 orc wizards
  8 gnolls
  11 adders
  2 shadow imps (Gauntlet)
  4 white imps
  3 ufetubi
  A worm (D:4)
  3 dart slugs
  63 orcs
  10 ball pythons
  6 endoplasms
  A giant cockroach (D:3)
  9 goblins
  11 hobgoblins
  3 jackals (D:2)
  20 kobolds
  3 quokkas
  9 bats
  5 frilled lizards
  3 rats
  2 bushes (Lair:5)
  A plant (Depths:4)
  8 starspawn tentacles (Abyss:2)
  A tentacle (Shoals:3)
2394 creatures vanquished.

Vanquished Creatures (collateral kills)
  An ancient lich (Zot:3)
  4 tentacled monstrosities
  2 shadow dragons (Depths:4)
  A very ugly thing (Depths:4)
  A deep elf annihilator (Elf:1)
  A radroach (Spider:3)
  A dancing weapon (Elf:2)
  2 deep elf knights
  A steelbarb worm (Spider:3)
  A deep elf archer (Elf:1)
  A deep elf zephyrmancer (Elf:1)
  A deep elf pyromancer (Elf:2)
  A demonic crawler (Spider:1)
  A torpor snail (Spider:4)
  3 slime creatures (IceCv)
  5 redbacks
  An ogre (Orc:2)
  An earth elemental (Elf:1)
29 creatures vanquished.

Vanquished Creatures (others)
  4 eldritch tentacles
  A worldbinder (Abyss:2)
  2 large abominations (Abyss:2)
  A vampire mosquito (D:13)
  A small abomination (Abyss:2)
  An ufetubus (Abyss:2)
  An orc (D:7)
  A bush (Lair:5)
  A demonic plant (Gauntlet)
  2 foxfires (Abyss:2)
  276 fulminant prisms
  35 fungi
  A lurking horror (Abyss:2)
  166 plants
  5 starspawn tentacles (Abyss:2)
  7 tentacles
505 creatures vanquished.

Grand Total: 2928 creatures vanquished

Notes
Turn   | Place    | Note
-------+----------+-------------------------------------------
     0 | D:1      | vishdafish the Djinni Conjurer began the quest for the Orb.
     0 | D:1      | vishdafish set off with the following spells memorised:
                  | Magic Dart, Searing Ray, Dazzling Flash, Fulminant Prism,
                  | Iskenderun's Mystic Blast.
     0 | D:1      | Reached XP level 1. HP: 15/15 MP: 0/0
   108 | D:1      | Reached skill level 1 in Fighting
   108 | D:1      | Reached XP level 2. HP: 18/22 MP: 0/0
   306 | D:1      | Reached XP level 3. HP: 27/27 MP: 0/0
   306 | D:1      | Learned a level 1 spell: Summon Small Mammal
   725 | D:2      | Reached XP level 4. HP: 28/33 MP: 0/0
  1263 | D:2      | Reached XP level 5. HP: 36/40 MP: 0/0
  1263 | D:2      | Learned a level 2 spell: Lesser Beckoning
  1854 | D:3      | Found an iron altar of Okawaru.
  2108 | D:3      | You are sucked into a shaft and drop 3 floors!
  2114 | D:6      | Noticed a water moccasin
  2124 | D:6      | Reached XP level 6. HP: 43/46 MP: 0/0
  2280 | D:5      | Entered Level 5 of the Dungeon
  2668 | D:4      | Reached XP level 7. HP: 52/53 MP: 0/0
  2668 | D:4      | Learned a level 2 spell: Scorch
  2723 | D:4      | Found a sparkling altar of Nemelex Xobeh.
  2744 | D:4      | Reached skill level 5 in Spellcasting
  3300 | D:3      | Reached skill level 5 in Fighting
  3441 | D:4      | Found a staircase to the Ecumenical Temple.
  3459 | Temple   | Entered the Ecumenical Temple
  3713 | Temple   | Became a worshipper of Ashenzari the Shackled
  3828 | D:4      | Reached XP level 8. HP: 50/60 MP: 0/0
  4930 | D:5      | Found a shimmering altar of Xom.
  4997 | D:5      | Found an ornate altar of the Wu Jian Council.
  5311 | D:5      | Noticed Edmund
  5492 | D:5      | Killed Edmund
  5493 | D:5      | Reached XP level 9. HP: 26/68 MP: 0/0
  5493 | D:5      | Learned a level 4 spell: Ice Form
  6151 | D:6      | Noticed Pikel
  6161 | D:6      | Killed Pikel
  6429 | D:6      | Noticed Maggie
  6443 | D:6      | Killed Maggie
  6444 | D:6      | Reached XP level 10. HP: 23/78 MP: 0/0
  6639 | D:6      | Found a snail-covered altar of Cheibriados.
  6888 | D:6      | Noticed Eustachio
  6894 | D:6      | Killed Eustachio
  6935 | D:6      | Found a stormy altar of Qazlal.
  7333 | D:7      | Noticed Prince Ribbit
  7337 | D:7      | Noticed Joseph
  7340 | D:7      | Killed Prince Ribbit
  7341 | D:7      | Noticed a manticore
  7691 | D:7      | Killed Joseph
  7692 | D:7      | Reached skill level 10 in Fighting
  8005 | D:7      | Killed a manticore
  8638 | D:8      | Noticed a deep elf pyromancer
  8662 | D:8      | Killed a deep elf pyromancer
  9047 | D:8      | Noticed Erica
  9053 | D:8      | Killed Erica
  9054 | D:8      | Reached XP level 11. HP: 67/87 MP: 0/0
  9054 | D:8      | Learned a level 5 spell: Lee's Rapid Deconstruction
 10268 | D:9      | Noticed a two-headed ogre
 10284 | D:9      | Killed a two-headed ogre
 10819 | D:9      | Reached skill level 10 in Spellcasting
 11090 | D:9      | Noticed Harold
 11103 | D:9      | Killed Harold
 11378 | D:10     | Entered Level 10 of the Dungeon
 11494 | D:10     | Found a glowing golden altar of the Shining One.
 11550 | D:10     | Reached * piety under Ashenzari
 11888 | D:10     | Found a staircase to the Lair.
 12088 | D:10     | Found a staircase to the Orcish Mines.
 12784 | D:10     | Reached XP level 12. HP: 91/99 MP: 0/0
 13059 | D:10     | Noticed a two-headed ogre
 13064 | D:10     | Killed a two-headed ogre
 13330 | D:10     | Gained mutation: Your spells are a little easier to cast,
                  | but a little less powerful. [potion of mutation]
 13330 | D:10     | Lost mutation: Your spells are a little easier to cast, but
                  | a little less powerful. [potion of mutation]
 13350 | D:11     | Noticed Josephine
 13476 | Lair:1   | Entered Level 1 of the Lair of Beasts
 13476 | Lair:1   | Identified the +9 flail "Gemn" {venom, rElec rN+ Int+5}
 13832 | Lair:1   | HP: 4/100 [blink frog (14)]
 15184 | Lair:2   | Reached XP level 13. HP: 87/108 MP: 0/0
 15184 | Lair:2   | Learned a level 5 spell: Yara's Violent Unravelling
 15297 | Lair:2   | Found a transporter.
 15322 | Lair:2   | Found a transporter.
 15340 | Lair:2   | Found a hole to the Spider Nest.
 15691 | Lair:2   | Found a one-way gate to the infinite horrors of the Abyss.
 15706 | Lair:2   | Noticed julianmaster's ghost (journeyman MiBe)
 15888 | Lair:3   | Found a staircase to the Shoals.
 17068 | Lair:4   | Upgraded the game from 0.30-a0-1018-g25214051b3 to
                  | 0.30-a0-1043-g60ff8d5f49
 17095 | Lair:4   | Found a gate leading to a gauntlet.
 17108 | Lair:4   | Reached skill level 15 in Fighting
 17114 | Gauntlet | Entered a Gauntlet
 17114 | Gauntlet | Found a transporter.
 17190 | Gauntlet | Found a transporter.
 17192 | Gauntlet | Found a transporter.
 17205 | Gauntlet | Identified the +0 helmet "Wamoprus" {Int+3 Dex+3}
 17207 | Gauntlet | Found a transporter.
 17209 | Gauntlet | Found a transporter.
 17211 | Gauntlet | Noticed a six-headed hydra
 17224 | Gauntlet | Identified the amulet of Maicrawn {*Slow rElec Regen+
                  | Dex+5}
 17225 | Gauntlet | Found a transporter.
 17226 | Gauntlet | Identified the +7 battleaxe of Coal {drain, rN+ Will+}
 17241 | Gauntlet | Found a transporter.
 17242 | Gauntlet | Identified the ring "Rop Tiebb" {Fly Will+ rCorr Dex+3}
 17250 | Gauntlet | Identified the +2 cloak of Dusout {rPois}
 17251 | Gauntlet | Found a transporter.
 17260 | Gauntlet | Identified the amulet of the Sunfish {Reflect Rampage Fly
                  | rF++ MP+9 SH+5}
 17261 | Gauntlet | Found a transporter.
 17284 | Gauntlet | Noticed a balrug
 17303 | Gauntlet | Found a transporter.
 17303 | Gauntlet | Found a transporter.
 17656 | Gauntlet | Killed a six-headed hydra
 17861 | Gauntlet | Identified the +7 battleaxe "Hag Vate" {drain, rCorr}
 17861 | Gauntlet | Noticed a minotaur
 17867 | Gauntlet | Killed a minotaur
 18189 | Lair:4   | Reached ** piety under Ashenzari
 18269 | Lair:4   | Noticed Snorg
 18281 | Lair:4   | Killed Snorg
 18645 | Lair:5   | Entered Level 5 of the Lair of Beasts
 18758 | Lair:5   | Reached XP level 14. HP: 114/121 MP: 0/0
 19202 | Lair:5   | Noticed Sonja
 19210 | Lair:5   | Killed Sonja
 19407 | Lair:5   | Found a staircase to the Slime Pits.
 20301 | Orc:1    | Entered Level 1 of the Orcish Mines
 20445 | Orc:2    | Entered Level 2 of the Orcish Mines
 20449 | Orc:2    | Noticed Maurice
 20461 | Orc:2    | Killed Maurice
 20498 | Orc:2    | Found a staircase to the Elven Halls.
 20728 | Orc:2    | Found Diri Wusch's General Store.
 20732 | Orc:2    | Found Dub Ced's General Store.
 20867 | Orc:2    | Reached XP level 15. HP: 108/130 MP: 0/0
 20867 | Orc:2    | Learned a level 6 spell: Death Channel
 20935 | Orc:2    | Bought a potion of heal wounds for 70 gold pieces
 20937 | Orc:2    | Bought a potion of brilliance for 48 gold pieces
 20937 | Orc:2    | Bought 2 potions of heal wounds for 120 gold pieces
 20962 | Orc:2    | Noticed Jorgrun
 20975 | Orc:2    | Killed Jorgrun
 21448 | Orc:2    | Found Ybeghica's Jewellery Boutique.
 21448 | Orc:2    | Found Judgh's Antique Armour Shop.
 21449 | Orc:2    | Found a one-way gate leading to the halls of Pandemonium.
 21453 | Orc:2    | Bought a brightly glowing robe for 148 gold pieces
 21453 | Orc:2    | Identified the +1 robe of Xengiakk {Int+4} (You bought it
                  | in a shop on level 2 of the Orcish Mines)
 21721 | D:11     | Noticed Erolcha
 21733 | D:11     | Killed Erolcha
 21810 | D:11     | Killed Josephine
 21894 | D:11     | Noticed Urug
 21903 | D:11     | Killed Urug
 22450 | D:12     | Reached skill level 15 in Spellcasting
 22943 | D:12     | Found a runed translucent door.
 23902 | D:13     | Reached XP level 16. HP: 136/140 MP: 0/0
 24340 | D:13     | Identified Kesif's Elucidation of Angles and the
                  | Shapeshifter
 24696 | D:14     | Noticed Nessos
 24706 | D:14     | Killed Nessos
 24784 | D:14     | Found a gate to the Vaults.
 25073 | D:14     | Found a hide-covered altar of Uskayaw.
 25412 | D:15     | Entered Level 15 of the Dungeon
 25609 | D:15     | Found a bloodstained altar of Trog.
 25725 | D:15     | Found a staircase to the Depths.
 25773 | D:15     | Identified the +9 long sword of Kismet {speed, rElec Dex+6
                  | Stlth-}
 25855 | D:15     | Reached *** piety under Ashenzari
 26444 | Spider:1 | Entered Level 1 of the Spider Nest
 26791 | Spider:1 | Noticed an emperor scorpion
 26808 | Spider:1 | Killed an emperor scorpion
 26915 | Spider:1 | Reached XP level 17. HP: 135/151 MP: 0/0
 26915 | Spider:1 | Learned a level 7 spell: Spellforged Servitor
 27911 | Spider:2 | Identified the +9 plate armour of Lethargy {-Tele rN+ Str+3
                  | Dex+3}
 27938 | Spider:2 | Identified the +0 ring mail of the Kangaroo {Rampage rCorr}
 29258 | Spider:4 | Entered Level 4 of the Spider Nest
 29261 | Spider:4 | Found a frozen archway.
 29272 | IceCv    | Entered an ice cave
 29489 | IceCv    | Reached XP level 18. HP: 93/161 MP: 0/0
 29581 | IceCv    | Found a viscous altar of Jiyva.
 29604 | IceCv    | Identified the ring of Faneseyr {rC+ rN+ Will- Int+5}
 30129 | Spider:4 | Noticed Arachne
 30136 | Spider:4 | Killed Arachne
 30397 | Spider:4 | Got a gossamer rune of Zot
 31092 | Spider:4 | Identified the +1 pair of boots of the Frog {Will+ Stlth+}
 31593 | Elf:1    | Entered Level 1 of the Elven Halls
 32157 | Elf:1    | Reached XP level 19. HP: 162/170 MP: 0/0
 32157 | Elf:1    | Learned a level 7 spell: Ozocubu's Refrigeration
 32162 | Elf:1    | Reached XP level 20. HP: 140/178 MP: 0/0
 32178 | Abyss:2  | Cast into level 2 of the Abyss (a deep elf demonologist)
 32245 | Elf:1    | Escaped the Abyss
 32317 | Elf:1    | Identified the Quarto of Beckoning
 32850 | Elf:2    | Noticed Louise
 32853 | Elf:2    | Killed Louise
 32904 | Elf:2    | Paralysed by an air elemental for 1 turns
 32966 | Elf:2    | Found Jiatt's Jewellery Boutique.
 33155 | Elf:2    | Found a huge runed translucent gate.
 33157 | Elf:2    | Found a huge runed translucent gate.
 33157 | Elf:2    | Found a huge runed translucent gate.
 33159 | Elf:2    | Found a huge runed translucent gate.
 33159 | Elf:2    | Found a huge runed translucent gate.
 33265 | Elf:2    | Found Koaleu's Book Emporium.
 34131 | Elf:3    | Entered Level 3 of the Elven Halls
 34917 | Elf:3    | Identified the Catalogue of Ironbound Blight
 34950 | Elf:3    | Reached XP level 21. HP: 169/187 MP: 0/0
 34950 | Elf:3    | Learned a level 7 spell: Dragon Form
 34975 | Elf:3    | Reached **** piety under Ashenzari
 35040 | Elf:3    | Identified the ring "Fapsi" {rF+ MP+9 Dex+7}
 35061 | Elf:3    | Identified the ring "Fosh" {Str+4 Dex+6}
 35226 | Elf:3    | Identified the Book of Cold Command
 35233 | Elf:3    | Identified the +8 falchion of the Volcano {freeze, rF+ rC+
                  | Will- Str+3}
 35312 | Elf:3    | Identified the staff of poison "Zooxkaru" {rPois rF+ SInv}
 35510 | Elf:3    | Identified the staff of fire "Ibbefim" {Contam rF+ Will+
                  | rCorr}
 36075 | Shoals:1 | Entered Level 1 of the Shoals
 36326 | Shoals:1 | Found Vusil's Armour Shop.
 36396 | Shoals:1 | Reached ***** piety under Ashenzari
 36469 | Shoals:1 | Noticed Frances
 36473 | Shoals:1 | Killed Frances
 37072 | Shoals:2 | Noticed Ilsuiw
 37076 | Shoals:2 | Killed Ilsuiw
 37129 | Shoals:2 | Found the +3 hat of Pondering {ponderous, Will+ MP+10
                  | Int+5}
 37310 | Shoals:2 | Reached skill level 1 in Shields
 37860 | Shoals:3 | Noticed Bai Suzhen
 37871 | Shoals:3 | Killed Bai Suzhen
 38276 | Shoals:3 | Reached skill level 5 in Dodging
 38790 | Shoals:4 | Entered Level 4 of the Shoals
 38821 | Shoals:4 | Reached XP level 22. HP: 188/194 MP: 0/0
 38836 | Shoals:4 | Found Dymeth's Weapon Shoppe.
 38979 | Shoals:4 | Reached skill level 5 in Shields
 39236 | Shoals:4 | Got a barnacled rune of Zot
 39456 | Shoals:4 | Found Efuasaon's Book Emporium.
 39526 | Shoals:4 | Found Faje's Assorted Antiques.
 39526 | Shoals:4 | Found Qeof's Antique Weapon Emporium.
 39543 | Shoals:4 | Bought a scroll of fear for 152 gold pieces
 39683 | Shoals:4 | Found the ring of the Tortoise {AC+8}
 39930 | Shoals:4 | Identified the staff of conjuration "Rivauc Alig" {*Corrode
                  | Str+7 Dex+4}
 40307 | Depths:1 | Entered Level 1 of the Depths
 40406 | Depths:1 | Identified Appec's Vellum of Summoned Topomancy
 40780 | Orc:2    | Bought the +1 robe of Vines {NoPotionHeal Regen++++} for
                  | 2080 gold pieces
 40780 | Orc:2    | Found the +1 robe of Vines {NoPotionHeal Regen++++}
 41064 | Depths:1 | Noticed a dread lich
 41066 | Depths:1 | Noticed an ancient lich
 41068 | Depths:1 | Killed a dread lich
 41074 | Depths:1 | Killed an ancient lich
 41076 | Depths:1 | Found a one-way gateway to a ziggurat.
 41409 | Depths:1 | Reached skill level 10 in Dodging
 41482 | Depths:1 | Found a gateway to Hell.
 42026 | Depths:2 | Reached XP level 23. HP: 130/199 MP: 0/0
 42026 | Depths:2 | Learned a level 7 spell: Malign Gateway
 42029 | Depths:2 | Reached skill level 10 in Shields
 42212 | Depths:2 | Noticed a caustic shrike
 42213 | Depths:2 | Noticed a caustic shrike
 42215 | Depths:2 | Killed a caustic shrike
 42215 | Depths:2 | Noticed a caustic shrike
 42218 | Depths:2 | Killed a caustic shrike
 42224 | Depths:2 | Killed a caustic shrike
 42779 | Depths:2 | Noticed a golden dragon
 42783 | Depths:2 | Killed a golden dragon
 42864 | Depths:2 | Noticed a golden dragon
 42868 | Depths:2 | Killed a golden dragon
 43221 | Depths:2 | Reached XP level 24. HP: 188/206 MP: 0/0
 43661 | Depths:3 | Reached skill level 15 in Dodging
 43670 | Depths:3 | Found a shadowy altar of Dithmenos.
 43716 | Abyss:2  | Cast into level 2 of the Abyss (a wizard)
 43789 | Abyss:2  | Gained mutation: You are frail. (-10% HP) [a neqoxec]
 44096 | Abyss:2  | Found a corrupted altar of Lugonu.
 44495 | Abyss:2  | Found a corrupted altar of Lugonu.
 44555 | Abyss:2  | Found a corrupted altar of Lugonu.
 44654 | Abyss:2  | Reached skill level 15 in Shields
 44656 | Depths:3 | Escaped the Abyss
 44847 | Depths:3 | Noticed a royal mummy
 44855 | Depths:3 | Killed a royal mummy
 44899 | Depths:3 | Noticed a royal mummy
 44906 | Depths:3 | Killed a royal mummy
 44915 | Depths:3 | Found the +7 sceptre of Torment {pain, torment}
 44959 | Depths:3 | Found Oqyiba's Distillery.
 44967 | Depths:3 | Bought a potion of heal wounds for 70 gold pieces
 44967 | Depths:3 | Bought a potion of brilliance for 56 gold pieces
 45060 | Depths:3 | Found Saatudwe's Jewellery Emporium.
 45060 | Depths:3 | Found Mohumpyve's Book Shop.
 45062 | Depths:3 | Found Waxof's Book Shop.
 45221 | Depths:4 | Entered Level 4 of the Depths
 45243 | Depths:4 | Reached XP level 25. HP: 187/190 MP: 0/0
 45243 | Depths:4 | Learned a level 8 spell: Ignition
 45271 | Depths:4 | Gained mutation: You are very frail. (-20% HP) [a shining
                  | eye]
 45606 | Depths:4 | Found a gate to the Realm of Zot.
 46118 | Depths:4 | Found Awnorghaxa's Distillery.
 46121 | Depths:4 | Bought a potion of curing for 54 gold pieces
 46121 | Depths:4 | Bought 2 potions of heal wounds for 180 gold pieces
 46121 | Depths:4 | Bought a potion of curing for 54 gold pieces
 46121 | Depths:4 | Bought a potion of heal wounds for 90 gold pieces
 46386 | Depths:3 | Noticed a royal mummy
 46401 | Depths:3 | Killed a royal mummy
 46492 | Vaults:1 | Entered Level 1 of the Vaults
 46509 | Vaults:1 | Found Laar's Book Emporium.
 46716 | Vaults:1 | Reached XP level 26. HP: 158/176 MP: 0/0
 46994 | Vaults:1 | Found Wiuckah's Weapon Boutique.
 47172 | Vaults:1 | Found Vogeqakk's Weapon Shop.
 47615 | Vaults:2 | Found Pecefrer's Assorted Antiques.
 47619 | Vaults:2 | Bought a fading ring mail for 369 gold pieces
 47619 | Vaults:2 | Identified the +0 ring mail of Ysud {Int+2} (You bought it
                  | in a shop on level 2 of the Vaults)
 47789 | Vaults:2 | Found a magical portal.
 47796 | WizLab   | Entered The Hall of the Hellbinder
 48018 | WizLab   | Noticed Gadow
 48024 | WizLab   | Killed Gadow the Hellbinder
 48033 | WizLab   | Found a burning altar of Makhleb.
 48073 | WizLab   | Identified the Compilation of Assembling
 48225 | Vaults:2 | Found a staircase to the Crypt.
 48225 | Vaults:2 | Found a basalt altar of Yredelemnul.
 48901 | Vaults:2 | Found Zyggiboe's Antique Weapon Boutique.
 49431 | Vaults:3 | Reached XP level 27. HP: 168/182 MP: 0/0
 49431 | Vaults:3 | Learned a level 9 spell: Polar Vortex
 50042 | Vaults:3 | Found Coetu's Antique Armour Shop.
 50047 | Vaults:3 | Bought a pair of pitted gloves for 237 gold pieces
 50047 | Vaults:3 | Identified the +0 pair of gloves "Muotaol" {rC- rCorr
                  | Int+4} (You bought it in a shop on level 3 of the Vaults)
 50820 | Vaults:4 | Noticed Zenata
 50829 | Vaults:4 | Killed Zenata
 51673 | Vaults:5 | Entered Level 5 of the Vaults
 51699 | Vaults:5 | Noticed an ancient lich
 51718 | Vaults:5 | Killed an ancient lich
 51888 | Vaults:5 | Identified the staff of earth "Gainy" {rPois Dex+3}
 52012 | Vaults:5 | Identified the staff of air "Vaxt" {rElec rN+ Str+4}
 52012 | Vaults:5 | Identified the Precepts of Karma
 52012 | Vaults:5 | Found the +2 Maxwell's thermic engine {flame, freeze, rev}
 52023 | Vaults:5 | Got a silver rune of Zot
 52317 | Vaults:5 | Found the +27 heavy crossbow "Sniper" {heavy, Acc+∞ SInv}
 52360 | Vaults:5 | Identified the +2 hand axe of Weak Valour {flame, rN+}
 52591 | Vaults:5 | Identified Kied Jane's Textbook on Curses
 52608 | Vaults:5 | Identified the Atlas of the Evil Eye
 53491 | Crypt:1  | Entered Level 1 of the Crypt
 53790 | Zot:1    | Entered Level 1 of the Realm of Zot
 54784 | Zot:1    | Noticed an orb of fire
 54985 | Zot:2    | Noticed a Killer Klown
 54990 | Zot:2    | Killed a Killer Klown
 55813 | Zot:3    | Noticed a Killer Klown
 55825 | Zot:3    | Noticed an ancient lich
 55827 | Zot:3    | Killed a Killer Klown
 55828 | Zot:3    | Killed an ancient lich
 55870 | Zot:3    | Noticed an orb of fire
 55874 | Zot:3    | Gained mutation: Your body sometimes deteriorates upon
                  | taking damage. [an orb of fire]
 55876 | Zot:3    | Gained mutation: You occasionally shout uncontrollably at
                  | your foes. [an orb of fire]
 55879 | Zot:3    | Killed an orb of fire
 55888 | Zot:3    | Reached skill level 5 in Armour
 56386 | Zot:3    | Reached skill level 10 in Armour
 57531 | Zot:5    | Entered Level 5 of the Realm of Zot
 57592 | Zot:5    | Identified the +0 ring mail of the Cobbler {Will++}
 57630 | Zot:5    | Noticed an ancient lich
 57637 | Zot:5    | Killed an ancient lich
 57637 | Zot:5    | Noticed a dread lich
 57640 | Zot:5    | Noticed a Killer Klown
 57641 | Zot:5    | Noticed a Killer Klown
 57642 | Zot:5    | Noticed a dread lich
 57643 | Zot:5    | Killed a dread lich
 57643 | Zot:5    | Noticed an ancient lich
 57667 | Zot:5    | Killed a Killer Klown
 57668 | Zot:5    | Killed a Killer Klown
 57924 | Zot:5    | Noticed a Killer Klown
 57925 | Zot:5    | Reached ****** piety under Ashenzari
 57932 | Zot:5    | Killed a Killer Klown
 57966 | Zot:5    | Killed an ancient lich
 57972 | Zot:5    | Noticed an ancient lich
 57977 | Zot:5    | Killed a dread lich
 57978 | Zot:5    | Reached skill level 15 in Armour
 57984 | Zot:5    | Killed an ancient lich
 58099 | Zot:5    | Noticed a Killer Klown
 58109 | Zot:5    | Killed a Killer Klown
 58110 | Zot:5    | Noticed an ancient lich
 58118 | Zot:5    | Noticed a dread lich
 58120 | Zot:5    | Noticed an orb of fire
 58126 | Zot:5    | Killed an ancient lich
 58127 | Zot:5    | Killed a dread lich
 58129 | Zot:5    | Killed an orb of fire
 58153 | Zot:5    | Lost mutation: Your body sometimes deteriorates upon taking
                  | damage. [potion of mutation]
 58153 | Zot:5    | Lost mutation: You occasionally shout uncontrollably at
                  | your foes. [potion of mutation]
 58153 | Zot:5    | Lost mutation: You are very frail. (-20% HP) [potion of
                  | mutation]
 58153 | Zot:5    | Gained mutation: You occasionally lose the ability to drink
                  | potions when taking damage. [potion of mutation]
 58153 | Zot:5    | Gained mutation: You are somewhat resistant to further
                  | mutation. [potion of mutation]
 58154 | Zot:5    | Lost mutation: You are frail. (-10% HP) [potion of
                  | mutation]
 58154 | Zot:5    | Lost mutation: You occasionally lose the ability to drink
                  | potions when taking damage. [potion of mutation]
 58154 | Zot:5    | Lost mutation: You are somewhat resistant to further
                  | mutation. [potion of mutation]
 58154 | Zot:5    | Gained mutation: You occasionally shout uncontrollably at
                  | your foes. [potion of mutation]
 58154 | Zot:5    | Gained mutation: Your body sometimes deteriorates upon
                  | taking damage. [potion of mutation]
 58154 | Zot:5    | Gained mutation: Your muscles are strong. (Str +4, Int/Dex
                  | -1) [potion of mutation]
 58155 | Zot:5    | Lost mutation: Your body sometimes deteriorates upon taking
                  | damage. [potion of mutation]
 58155 | Zot:5    | Lost mutation: Your muscles are strong. (Str +4, Int/Dex
                  | -1) [potion of mutation]
 58155 | Zot:5    | Gained mutation: Your muscles are strong. (Str +4, Int/Dex
                  | -1) [potion of mutation]
 58155 | Zot:5    | Gained mutation: Your spells are a little easier to cast,
                  | but a little less powerful. [potion of mutation]
 58155 | Zot:5    | Gained mutation: You frequently scream uncontrollably at
                  | your foes. [potion of mutation]
 58156 | Zot:5    | Lost mutation: You frequently scream uncontrollably at your
                  | foes. [potion of mutation]
 58156 | Zot:5    | Lost mutation: Your muscles are strong. (Str +4, Int/Dex
                  | -1) [potion of mutation]
 58156 | Zot:5    | Lost mutation: Your spells are a little easier to cast, but
                  | a little less powerful. [potion of mutation]
 58156 | Zot:5    | Gained mutation: Your flesh is almost immune to the effects
                  | of heat. (rF+++) [potion of mutation]
 58156 | Zot:5    | Gained mutation: Your muscles are strong. (Str +4, Int/Dex
                  | -1) [potion of mutation]
 58156 | Zot:5    | Gained mutation: You are somewhat resistant to further
                  | mutation. [potion of mutation]
 58157 | Zot:5    | Lost mutation: Your muscles are strong. (Str +4, Int/Dex
                  | -1) [potion of mutation]
 58157 | Zot:5    | Lost mutation: You are somewhat resistant to further
                  | mutation. [potion of mutation]
 58157 | Zot:5    | Gained mutation: You possess an exceptional clarity of
                  | mind. [potion of mutation]
 58157 | Zot:5    | Gained mutation: Your mind is acute. (Int +4, Str/Dex -1)
                  | [potion of mutation]
 58310 | Zot:5    | Noticed an ancient lich
 58319 | Zot:5    | Killed an ancient lich
 58427 | Zot:5    | Got the Orb of Zot
 58464 | Zot:5    | Noticed an orb of fire
 59132 | D:$      | Escaped with the Orb!

Illustrated notes

Levels and vault maps discovered:
D:1:      tarquinn_simple_flora_water_f, layout_rooms
D:2:      layout_basic, serial_aquarium, aquarium_bridge_square
          [aquarium_subvault_wall, aquarium_subvault_window,
          aquarium_subvault_wall, aquarium_subvault_bridge],
          aquarium_bridge_square [aquarium_subvault_bridge,
          aquarium_subvault_wall, aquarium_subvault_bridge,
          aquarium_subvault_wall], aquarium_window_1, aquarium_window_1,
          aquarium_window_corridor_2, aquarium_view_2e, aquarium_balcony_1a,
          aquarium_pool_2, kennysheep_decorative_pillar
D:3:      layout_loops_ring, kennysheep_okawaru_gauntlet
D:4:      layout_basic, mainiacjoe_overflow_cross_hatched,
          minmay_temple_entry_arrows
D:5:      layout_loops_ring, mainiacjoe_overflow_concentric_impassable,
          mainiacjoe_overflow_two_lobes, uniq_edmund
D:6:      layout_cave_pods, cheibriados_altar_1, grunt_qazlal_clouds,
          uniq_pikel, uniq_maggie, uniq_eustachio
D:7:      layout_loops_cross, uniq_joseph, uniq_prince_ribbit1
D:8:      layout_basic, lemuel_round_altar, uniq_erica
D:9:      layout_stronghold, serial_column_ruins, column_ruins_hut,
          column_ruins_hut_ruined, column_ruins_corridor_corner,
          column_ruins_grid_1, column_ruins_open_tiny_water,
          column_ruins_corridor_straight, column_ruins_open_large, uniq_harold
D:10:     minmay_general_purpose_star, layout_grid_maze, tso_altar,
          minmay_orc_entry_guard_dogs, chequers_mini_garden,
          serial_bayou_pond_e, minmay_misc_feat_square
D:11:     layout_rooms, roderic_batcave, uniq_urug, uniq_erolcha, uniq_josephine
D:12:     layout_basic, lightli_airlock
D:13:     cheibrodos_lost_city_excavation, layout_irregular_city
D:14:     layout_roguey, david_vaults_3, nicolae_uskayaw_suspiria
D:15:     hangedman_depths_entry_civil_slaughter, layout_irregular_city,
          trog_three_pillars_becter
Temple:   oiseaux_autumnal_temple
Lair:1:   layout_cave_pods
Lair:2:   layout_roguey, spider_nest_entry_web_field,
          gammafunk_ghost_abyssal_escape
Lair:3:   layout_hall_layers, minmay_shoals_entry_beasts
Lair:4:   layout_gridlike, gauntlet_entry_generic, beast_lair_carwin_6,
          uniq_snorg
Lair:5:   grunt_lair_end_beastmaster, layout_cellular_growth, slime_entry_1,
          serial_forest, infiniplex_forest_diagonal, infiniplex_forest_clump_C,
          infiniplex_forest_straight_3, infiniplex_forest_lined_ring,
          infiniplex_forest_lined_room_, infiniplex_forest_lined_3,
          infiniplex_forest_zigzag_2, infiniplex_forest_lined_room_2,
          infiniplex_forest_corner_1, infiniplex_forest_clump_double,
          serial_bayou_shore_b, uniq_sonja
Shoals:1: layout_shoals, serial_shops, nicolae_shop_advertising_works
          [nicolae_subvault_shop_adworks], uniq_frances
Shoals:2: layout_shoals, uniq_ilsuiw
Shoals:3: layout_shoals, uniq_bai_suzhen
Shoals:4: shoals_end_hangedman, layout_shoals, serial_shops, shop,
          shop_fountains, nicolae_shop_temple_entry_statues_fountains,
          shop_fountains
Spider:1: layout_spider_delve, nicolae_spider_bug_shape
Spider:2: layout_spider_delve, drop_trap, dreamdust_wasp_nest
Spider:3: layout_spider_delve, nicolae_spider_twisty_arc_passages
Spider:4: johnstein_spider_rune_arachne_lair, portal_ice_cave_entry_pillars_1,
          nicolae_spider_claw_tunnel
Orc:1:    layout_caves
Orc:2:    pf_orc_diabolical, layout_caves, uniq_maurice, uniq_jorgrun
Elf:1:    elf_arrival_002, layout_geoelf_octagon, minmay_elf_demonology
Elf:2:    elven_hall_of_blades_hangedman_alternative
          [nicolae_blade_entry_diamond_columns], layout_loops_corners,
          serial_shops, nicolae_shop_behind_doors, shop, uniq_louise
Elf:3:    nooodl_elf_gasket, layout_geoelf_castle
Vaults:1: nicolae_vaults_windows_and_doors_thing,
          nicolae_vaults_know_your_exits, v_pattern_4,
          ontoclasm_vaults_ring_square, v_misc_15,
          nicolae_vaults_little_squares_6, nicolae_vaults_ninety_degrees,
          vaults_standard_mumra_lines, v_misc_24, hangedman_vaults_trim,
          nicolae_vaults_asterisk, v_alt_pattern_3, hangedman_vaults_nails,
          vaults_dpeg_cross, vaults_mumra_lcd, layout_vaults_maze_bifur,
          serial_shops, shop, nicolae_shop_temple_entry_statues_fountains,
          nicolae_shop_window_shopping
Vaults:2: mu_enter_wizlab_6, hangedman_vaults_maws, v_misc_8,
          nicolae_vaults_network_square, nicolae_vaults_circle_grid_b,
          dpeg_vaults_monster_row, v_rooms_3, minmay_crypt_entry_necro_gods,
          hangedman_vaults_cutoff, nicolae_vaults_little_squares_3,
          st_more_cells, vaults_dpeg_emergency_exit, dpeg_vaults_monster_box,
          vaults_room_stairs_pillars, layout_vaults_chaotic_city, serial_shops,
          shop, nicolae_diamond_shop
Vaults:3: hangedman_vaults_hat, nicolae_vaults_twisting_passages,
          nicolae_vaults_big_angled_halls, vaults_room_pool, st_squares,
          v_rooms_6, nicolae_vaults_little_ls, ontoclasm_vaults_claustrophobia,
          v_misc_13, v_misc_15, nicolae_vaults_mini_display_case,
          vaults_room_semicircle, vaults_room_fours, layout_vaults_big_cross,
          serial_shops, nicolae_shop_crystal
Vaults:4: nicolae_vaults_hallways_thing, v_misc_27, v_misc_27,
          hangedman_vaults_trim, v_misc_5, v_misc_24,
          nicolae_vaults_diagonal_hallway_7, vaults_mumra_minichess_inversion,
          v_misc_15, vaults_room_corners, layout_vaults_ring, uniq_zenata,
          uniq_margery
Vaults:5: serial_shops
Crypt:1:  layout_regular_city, grunt_crypt_arrival_webbed
Depths:1: kennysheep_six_static_rooms, layout_gridlike, enter_ziggurat_d,
          hell_entry, bh_walls_and_bars
Depths:2: hangedman_grunt_twisty_little_passages, layout_gridlike,
          hangedman_coc_ice_floe, small_statue_intersection, pan_entry,
          minivault_14
Depths:3: minmay_guarded_unrand_sceptre_of_torment, layout_twisted_cross,
          abyss_entry, skrybe_limestone_x, hangedman_geh_valley, pan_entry,
          serial_shops, shop, grunt_dithmenos_smoke_and_mirrors,
          minmay_shop_grove
Depths:4: lemuel_castle_with_subvaults [lemuel_castle_interior_original],
          layout_basic, serial_shops, nicolae_shop_behind_doors,
          nicolae_hell_entry_hellmouth_sunbeams, hangedman_decor_peaks_small,
          drop_trap, serial_bayou_shore_b
Zot:1:    lemuel_acid_trip, layout_cathedral_of_symmetry, nrook_zot_tub
Zot:2:    layout_cathedral_of_symmetry, zot_minivault_5, grunt_megastairs_4
Zot:3:    layout_onion, hangedman_player_shredder
Zot:4:    layout_cellular_growth
Zot:5:    layout_misc_corridors

Skill      XL: |  1  2  3  4  5  6  7  8  9 10 11 12 13 14 15 16 17 18 19 20 21 22 23 24 25 26 27 |
---------------+----------------------------------------------------------------------------------+-----
Fighting       | 1 2 3 4 5 7 9 11 12 14 16 17 18 20 21 22 23 | 23.5
Spellcasting   | 4 5 6 7 9 10 11 13 14 15 16 17 18 19 20 21 | 21.7
Shields        | 4 9 13 15 17 19 24 | 24.0
Dodging        | 5 11 14 17 19 21 24 | 24.6
Armour         | 18 | 18.0
Stealth        | |  1.5

Action                     |  1- 3 |  4- 6 |  7- 9 | 10-12 | 13-15 | 16-18 | 19-21 | 22-24 | 25-27 || total
---------------------------+-------+-------+-------+-------+-------+-------+-------+-------+-------++-------
  Melee: Flail             |       |       |       |     2 |    10 |     5 |       |       |     1 ||    18
         Staff             |       |       |       |       |       |       |       |       |     5 ||     5
   Cast: Magic Dart        |    66 |   134 |   195 |   193 |       |       |       |       |       ||   588
         Iskenderun's Myst |       |     2 |    39 |    87 |   339 |   240 |    52 |    79 |    77 ||   915
         Summon Small Mamm |       |     1 |       |     1 |       |       |       |       |       ||     2
         Fulminant Prism   |       |       |    23 |    96 |   102 |    57 |       |       |       ||   278
         Yara's Violent Un |       |       |       |       |     1 |     5 |       |       |       ||     6
         Death Channel     |       |       |       |       |     1 |       |       |       |       ||     1
         Lee's Rapid Decon |       |       |       |       |       |   270 |    69 |   227 |    67 ||   633
         Spellforged Servi |       |       |       |       |       |    17 |     2 |       |     1 ||    20
         Ozocubu's Refrige |       |       |       |       |       |       |   283 |   437 |   214 ||   934
         Ignition          |       |       |       |       |       |       |       |       |   958 ||   958
         Polar Vortex      |       |       |       |       |       |       |       |       |    94 ||    94
         Malign Gateway    |       |       |       |       |       |       |       |       |     6 ||     6
 Invoke: Curse Item        |       |       |     1 |     2 |     1 |     1 |     3 |       |     5 ||    13
         Shatter the Chain |       |       |       |     1 |       |       |       |     2 |     1 ||     4
  Evoke: Wand              |       |       |       |       |     7 |     2 |       |       |       ||     9
    Use: Potion            |       |       |     5 |     5 |     2 |     6 |     1 |       |    12 ||    31
         Scroll            |       |       |       |       |     3 |     4 |       |       |    13 ||    20
 Armour: Robe              |     1 |     1 |     8 |     2 |       |       |       |    22 |    57 ||    91
         Steam dragon scal |       |       |       |     2 |    19 |    26 |     1 |     1 |       ||    49
  Dodge: Dodged            |     2 |    14 |    36 |    27 |    77 |    94 |    24 |    95 |   442 ||   811
  Block: Other             |       |       |       |     4 |       |       |       |       |       ||     4
         Reflection        |       |       |       |     1 |       |       |       |       |       ||     1
         Tower shield      |       |       |       |       |       |       |       |       |   203 ||   203

Table legend: (Time is in decaauts)
 A = Elapsed time spent in this place.
 B = Non-inter-level travel time spent in this place.
 C = Inter-level travel time spent in this place.
 D = Time resting spent in this place.
 E = Time spent auto-exploring this place.
 F = Levels seen in this place.
 G = Mean time per level.
                   A        B        C        D        E       F      G
               +--------+--------+--------+--------+--------+-----+--------+
         Total |  59321 |  54702 |   4619 |   2298 |  42599 |  54 | 1098.5 |
       Dungeon |  18911 |  17126 |   1785 |    884 |  13939 |  15 | 1260.7 |
        Temple |    282 |    208 |     74 |      0 |    189 |   1 |  282.0 |
          Lair |   6317 |   5762 |    555 |     91 |   4792 |   5 | 1263.4 |
        Shoals |   4065 |   3951 |    114 |     80 |   3440 |   4 | 1016.2 |
   Spider Nest |   4485 |   4348 |    137 |    313 |   3224 |   4 | 1121.2 |
  Orcish Mines |   1495 |   1222 |    273 |     77 |    847 |   2 |  747.5 |
   Elven Halls |   4355 |   4193 |    162 |    253 |   3259 |   3 | 1451.7 |
        Vaults |   6400 |   5865 |    535 |     59 |   4498 |   5 | 1280.0 |
         Crypt |     40 |     40 |      0 |      0 |      7 |   1 |   40.0 |
        Depths |   5423 |   4653 |    770 |     48 |   3431 |   4 | 1355.8 |
           Zot |   4830 |   4622 |    208 |     34 |   3556 |   5 |  966.0 |
         Abyss |   1018 |   1018 |      0 |     36 |    734 |   2 |  509.0 |
      Ice Cave |    564 |    564 |      0 |    113 |    285 |   1 |  564.0 |
        Wizlab |    339 |    339 |      0 |      9 |    226 |   1 |  339.0 |
      Gauntlet |    789 |    789 |      0 |    300 |    169 |   1 |  789.0 |
               +--------+--------+--------+--------+--------+-----+--------+

Top non-repeatable levels by time:
    D:10: 2313 daAuts
     D:6: 2039 daAuts
Depths:2: 2035 daAuts
  Lair:1: 1893 daAuts
   Elf:3: 1781 daAuts
     D:5: 1675 daAuts
Spider:4: 1605 daAuts
Vaults:2: 1578 daAuts
     D:8: 1541 daAuts
  Lair:5: 1527 daAuts
    D:12: 1452 daAuts
     D:9: 1444 daAuts
   Elf:2: 1343 daAuts
Depths:1: 1311 daAuts
   Orc:2: 1309 daAuts
